 Dungeon Crawl Stone Soup version 0.31-a0-1308-ga3cce3a448 (webtiles) character file.

Game seed: 2135458442471025952

94 timneilson the Shield-Bearer (level 4, -1/29 HPs)
             Began as a Gargoyle Fighter on Dec 19, 2023.
             Killed by nerve-wracking pain
             ... invoked by Jessica
              (5 damage)
             ... on level 2 of the Dungeon.
             The game lasted 00:02:32 (998 turns).

timneilson the Shield-Bearer (Gargoyle Fighter)      Turns: 998, Time: 00:02:33

Health: -1/29      AC: 11    Str: 20    XL:     4   Next: 63%
Magic:  4/4        EV:  9    Int:  8    God:
Gold:   83         SH:  5    Dex: 11    Spells: 3/3 levels left

rFire   . . .        a - +0 long sword
rCold   . . .        c - +1 buckler
rNeg    + . .        b - +0 scale mail
rPois   ∞            (no helmet)
rElec   +            (no cloak)
rCorr   .            f - +0 pair of gloves
SInv    .            (no boots)
Will    .....        (no amulet) Stlth
                     (no ring)
HPRegen 0.24/turn    (no ring)
MPRegen 0.09/turn

%: no passive effects
@: slowed, very slow
A: sickness immunity, AC +3, negative energy resistance 1, electricity
resistance, torment resistance 1, petrification resistance
a: no special abilities


You were on level 2 of the Dungeon.
You visited 1 branch of the dungeon, and saw 2 of its levels.

You collected 83 gold pieces.

Inventory:

Hand Weapons
 a - a +0 long sword (weapon)
Armour
 b - a +0 scale mail (worn)
 c - a +1 buckler (worn)
 f - a +0 pair of gloves (worn)
Scrolls
 e - a scroll of noise {unknown}
 g - a scroll of vulnerability {unknown}
Potions
 d - 2 potions of might
 j - a potion of cancellation
 k - a potion of resistance {unknown}


   Skills:
 + Level 3.7 Fighting
 * Level 2.6 Long Blades
 * Level 4.0 Armour
 + Level 0.7 Dodging
 * Level 4.1 Shields


You had 3 spell levels left.
You didn't know any spells.
Your spell library was empty.

Dungeon Overview and Level Annotations

Branches:
Dungeon (2/15)

Altars:

Annotations:
D:2 Jessica


Innate Abilities, Weirdness & Mutations

You are immune to sickness and miasma.
Your stone body is resilient. (AC +3)
You are immune to poison.
You resist negative energy. (rN+)
You are resistant to electric shocks. (rElec)
You are resistant to unholy torment.
You are immune to petrification.


Message History

The quokka barely misses you.
You completely miss Jessica. Jessica hits you but does no damage.
The quokka bites you but does no damage.
The worm bites you!
* * * LOW HITPOINT WARNING * * *
Jessica mumbles some strange words.
Jessica blinks!
You slash the quokka!
You kill the quokka!
The worm barely misses you.
You hit the worm.
The worm is lightly wounded.
You slash the worm!
The worm is heavily wounded.
Jessica casts a spell at you.
You feel yourself slow down. The worm closely misses you.
You slash the worm!
The worm is almost dead.
The worm bites you. Jessica hits you with a +0 dagger.
* * * LOW HITPOINT WARNING * * *
You hit the worm but do no damage.
The worm is almost dead.
Jessica gestures wildly while chanting.
Jessica blinks!
The worm bites you but does no damage.
You hit the worm.
The worm is almost dead.
The worm bites you.
* * * LOW HITPOINT WARNING * * *
You block the worm's attack.
You barely miss the worm.
The worm is severely wounded.
Jessica mumbles some strange words.
Jessica seems to speed up.
The worm bites you but does no damage.
You hit the worm but do no damage.
The worm is severely wounded.
Jessica hits you with a +0 dagger.
* * * LOW HITPOINT WARNING * * *
Jessica gestures at you while chanting. Pain shoots through your body!
You die...

###....###........#
##.....##.........#
#.................#
..>...............#
..................#
..................#
..................# .
.................w##....
.........†.....@@.......
#..............##......[
..............## ###....
###.....####### ...
............... .
######.........
#########.


You could see a worm and Jessica (fast).

Vanquished Creatures
  3 adders (D:2)
  3 gnolls
  A worm (D:2)
  An orc (D:2)
  2 endoplasms
  3 giant cockroaches
  5 goblins
  2 hobgoblins (D:1)
  3 jackals (D:1)
  A quokka (D:2)
  2 ball pythons (D:1)
  3 frilled lizards (D:1)
  3 kobolds (D:1)
  3 rats (D:1)
35 creatures vanquished.

Notes
Turn   | Place    | Note
-------+----------+-------------------------------------------
     0 | D:1      | timneilson the Gargoyle Fighter began the quest for the
                  | Orb.
     0 | D:1      | Reached XP level 1. HP: 14/14 MP: 1/1
   107 | D:1      | Reached XP level 2. HP: 18/19 MP: 2/2
   408 | D:1      | Reached XP level 3. HP: 23/23 MP: 3/3
   613 | D:2      | Found a faded altar of an unknown god.
   791 | D:1      | Reached XP level 4. HP: 28/28 MP: 4/4
   982 | D:2      | Noticed Jessica
   998 | D:2      | Killed from afar by Jessica

Illustrated notes

Levels and vault maps discovered:
D:1:      scummos_arrival_checkerplants, layout_loops_ring, serial_glass,
          glass_columns_b, glass_columns_c
D:2:      layout_rooms, ebering_ecumenical_altar_abandoned, uniq_jessica

Skill      XL: |  1  2  3  4 |
---------------+-------------+-----
Long Blades    | 2 |  2.6
Shields        | 4 |  4.1
Armour         | 4 |  4.0
Fighting       | |  3.7
Dodging        | |  0.7

Action                     |  1- 3 |  4- 6 || total
---------------------------+-------+-------++-------
  Melee: Long sword        |   108 |    45 ||   153
    Use: Scroll            |     5 |       ||     5
 Armour: Scale mail        |    61 |    36 ||    97
  Dodge: Dodged            |    55 |    24 ||    79
  Block: Buckler           |    33 |    16 ||    49

Table legend: (Time is in decaauts)
 A = Elapsed time spent in this place.
 B = Non-inter-level travel time spent in this place.
 C = Inter-level travel time spent in this place.
 D = Time resting spent in this place.
 E = Time spent auto-exploring this place.
 F = Levels seen in this place.
 G = Mean time per level.
                   A        B        C        D        E       F      G
               +--------+--------+--------+--------+--------+-----+--------+
         Total |   1050 |   1036 |     14 |      0 |    634 |   2 |  525.0 |
       Dungeon |   1050 |   1036 |     14 |      0 |    634 |   2 |  525.0 |
               +--------+--------+--------+--------+--------+-----+--------+

Top non-repeatable levels by time:
     D:1: 656 daAuts
     D:2: 394 daAuts
